Map: Frozen Temple

Players

SortOf - Winner!

  • Race: Zerg Zerg
  • League: Master

Major (SpeCial)

  • Race: Terran Terran
  • League: Master

Event: DreamHack ZOWIE Open Valencia 2016

VOD

Have the link to the VOD?

Description

Time

  • Played on: July 15, 2016, 6:39 a.m.
  • Length: 14:37

All games in this series

Show
View Real Time Build Order
Export as new Build Order

SortOf Zerg - Winner!

Build Orders: Hatch First 

Get SALT Encoding   

  12  0:00  Drone  
  13  0:12  Overlord  
  13  0:17  Drone  
  14  0:31  Drone x2  
  14  0:35  Drone  
  17  0:52  Hatchery  
  17  0:54  Drone  
  17  0:57  Drone  
  17  1:04  Extractor  
  17  1:07  Drone  
  18  1:15  Spawning Pool  
  17  1:18  Drone  
  18  1:28  Drone  
  19  1:38  Overlord  
  19  1:50  Drone  
  20  2:01  Queen  
  20  2:02  Zergling x2  
  20  2:04  Queen  
  20  2:05  Zergling x2, Metabolic Boost  
  26  2:11  Zergling x2  
  27  2:17  Drone  
  27  2:22  Drone  
  29  2:33  Drone  
  29  2:38  Overlord, Queen  
  29  2:40  Drone  
  33  2:44  Drone  
  33  2:48  Drone  
  33  2:50  Pneumatized Carapace  
  34  2:57  Overlord  
  34  3:04  Zergling x2  
  35  3:07  Drone  
  35  3:08  Drone  
  35  3:10  Drone x3  
  40  3:18  Drone  
  40  3:19  Drone x2  
  43  3:25  Drone  
  44  3:28  Drone x2  
  46  3:35  Hatchery  
  46  3:37  Queen  
  47  3:44  Drone  
  47  3:45  Drone  
  49  3:50  Overlord  
  49  3:51  Queen  
  49  3:53  Drone  
  52  3:57  Overlord  
  52  4:00  Spore Crawler  
  51  4:07  Drone  
  51  4:09  Zergling x10, Spore Crawler  
  56  4:13  Extractor  
  56  4:15  Evolution Chamber  
  56  4:16  Evolution Chamber  
  53  4:20  Drone x2  
  53  4:21  Drone  
  56  4:24  Zergling x2  
  56  4:28  Drone x4  
  61  4:36  Drone  
  61  4:37  Queen  
  64  4:39  Overlord  
  64  4:44  Zerg Ground Armor Level 1  
  64  4:47  Drone x2  
  64  4:50  Overlord  
  66  4:54  Zerg Melee Weapons Level 1  
  66  5:00  Queen  
  66  5:01  Drone x2  
  70  5:10  Overlord x2  
  70  5:14  Drone x4  
  73  5:18  Zergling x2, Drone  
  76  5:28  Lair, Roach Warren  
  75  5:30  Drone  
  75  5:31  Drone  
  75  5:35  Drone x3  
  78  5:38  Drone x2  
  78  5:41  Drone x2  
  83  5:45  Drone x2  
  83  5:46  Drone x3  
  83  5:49  Extractor  
  87  5:51  Extractor  
  87  5:56  Zergling x2  
  87  5:57  Zergling x2  
  88  6:07  Extractor  
  88  6:08  Drone x4  
  88  6:10  Roach x4, Extractor  
  98  6:14  Hatchery  
  98  6:15  Overlord  
  98  6:16  Drone x2  
  99  6:19  Roach x3  
  99  6:23  Overlord  
  105  6:25  Glial Reconstitution  
  105  6:29  Infestation Pit  
  104  6:33  Overlord x2  
  104  6:34  Overlord  
  104  6:35  Roach  
  104  6:36  Roach  
  104  6:37  Ravager x2  
  108  6:50  Roach x6  
  120  7:05  Roach x7  
  120  7:06  Overlord  
  134  7:13  Hive  
  134  7:18  Drone  
  134  7:20  Zergling x2  
  134  7:21  Zergling x6, Overseer  
  139  7:28  Zergling x2  
  139  7:29  Zergling x2  
  141  7:32  Drone x2  
  141  7:34  Drone, Infestor x2  
  148  7:38  Zergling x16  
  148  7:41  Ravager, Extractor  
  148  7:43  Overlord  
  156  7:52  Drone x3  
  156  7:57  Overlord  
  158  8:08  Zerg Ground Armor Level 2, Zerg Melee Weapons Level 2  
  158  8:10  Drone x3  
  161  8:14  Spore Crawler, Extractor  
  159  8:20  Zergling x20  
  159  8:22  Overlord  
  169  8:32  Infestor x2  
  169  8:34  Ultralisk Cavern  
  172  8:36  Drone x4  
  176  8:42  Queen  
  176  8:44  Drone x2  
  175  8:50  Drone x4  
  175  8:51  Drone x3  
  175  8:55  Drone x5  
  183  9:00  Drone x2  
  183  9:01  Drone x2  
  183  9:05  Drone  
  183  9:11  Overlord x2  
  183  9:17  Overlord  
  183  9:21  Overseer  
  183  9:29  Queen  
  183  9:30  Ravager x2, Chitinous Plating  
  187  9:31  Ultralisk x2  
  187  9:36  Spire  
  186  9:57  Zergling x4, Ultralisk x2  
  180  10:09  Ultralisk x2  
  180  10:10  Queen  
  189  10:27  Spore Crawler  
  188  10:34  Spore Crawler, Spine Crawler, Hatchery  
  188  10:35  Spine Crawler  
  184  10:36  Overlord  
  184  10:38  Nydus Network  
  184  10:40  Zerg Melee Weapons Level 3, Zerg Ground Armor Level 3  
  183  10:47  Zergling x18  
  183  10:49  Adrenal Glands  
  192  10:50  Baneling Nest  
  192  10:53  Zerg Flyer Weapons Level 1  
  179  11:15  Nydus Canal  
  179  11:17  Zergling x32  
  191  11:36  Corruptor x5  
  197  11:42  Nydus Canal  
  195  11:59  Zergling x4  
  195  12:00  Zergling x18  
  192  12:12  Zergling x2  
  192  12:13  Zergling x8  
  171  12:23  Ultralisk x3  
  171  12:24  Ultralisk  
  192  12:32  Ultralisk  
  192  12:36  Drone  
  199  12:43  Nydus Canal  
  199  12:46  Centrifical Hooks  
  199  12:52  Hatchery, Baneling x8  
  199  12:55  Overlord x2  
  199  12:56  Overlord x2  
  179  13:23  Zergling x2, Ultralisk x3  
  179  13:24  Zergling x8  
  192  13:30  Corruptor  
  175  13:48  Drone  
  175  13:49  Drone  
  170  13:58  Drone, Hatchery  
  170  13:59  Drone x5  
  176  14:02  Drone  
  176  14:03  Drone  
  175  14:11  Roach  
Show
View Real Time Build Order
Export as new Build Order

Major Terran 

Build Orders: Liberator Opening, Reaper Expand, MMM Bio 

Get SALT Encoding   

  12  0:00  SCV  
  13  0:12  SCV  
  14  0:17  Supply Depot  
  14  0:24  SCV  
  15  0:29  Refinery  
  15  0:38  SCV  
  16  0:44  Barracks  
  16  0:50  SCV  
  17  1:02  SCV  
  18  1:15  SCV  
  19  1:31  Orbital Command, Reaper  
  20  1:42  Command Center  
  20  1:55  Factory  
  20  1:57  SCV  
  21  2:10  Barracks Reactor  
  21  2:11  SCV  
  21  2:15  Supply Depot  
  22  2:21  Refinery  
  22  2:23  SCV  
  23  2:36  SCV  
  24  2:41  Hellion  
  26  2:47  Marine x2  
  26  2:48  SCV, Starport  
  29  2:56  Orbital Command  
  29  3:00  SCV  
  31  3:12  SCV  
  31  3:14  Hellion  
  31  3:15  Marine, Hellion  
  36  3:22  SCV  
  36  3:24  SCV  
  36  3:25  Medivac  
  40  3:30  Supply Depot  
  39  3:34  Marine  
  39  3:35  SCV  
  39  3:37  SCV  
  39  3:41  Hellion  
  44  3:43  Liberator  
  44  3:46  Hellion  
  46  3:52  Supply Depot, SCV  
  47  4:01  SCV  
  51  4:04  SCV  
  54  4:10  Hellion  
  54  4:14  SCV, Hellion  
  54  4:16  Supply Depot, SCV, Barracks Tech Lab  
  58  4:26  SCV  
  58  4:28  SCV  
  60  4:39  Supply Depot  
  60  4:40  SCV x2  
  60  4:41  Command Center  
  62  4:52  Engineering Bay  
  62  4:53  SCV x2, Engineering Bay  
  62  4:57  Marine x2  
  62  4:58  Siege Tank  
  67  5:05  SCV x2  
  59  5:07  Refinery x2  
  59  5:17  SCV x2  
  61  5:28  Terran Infantry Armor Level 1, Terran Infantry Weapons Level 1  
  60  5:29  SCV x2  
  60  5:35  Siege Tank  
  65  5:40  Barracks Tech Lab  
  65  5:41  SCV x2  
  67  5:44  Medivac x2  
  67  5:48  Barracks  
  67  5:49  Barracks  
  71  5:53  SCV x2  
  71  5:54  Orbital Command  
  73  6:00  Marine, Stimpack  
  74  6:05  SCV x2  
  74  6:09  Siege Tank, Liberator  
  74  6:11  Liberator  
  79  6:12  Orbital Command  
  79  6:17  Marine, Barracks  
  80  6:18  Barracks  
  80  6:32  SCV x2  
  85  6:35  Supply Depot, Marine  
  85  6:39  SCV  
  87  6:41  Barracks Reactor x2  
  87  6:44  SCV x2  
  89  6:51  SCV  
  89  6:53  Marine, Armory  
  91  6:57  SCV x2  
  93  7:02  Siege Tank  
  93  7:03  Supply Depot, SCV  
  93  7:05  Supply Depot  
  97  7:09  SCV x2, Barracks Reactor x2  
  97  7:10  Liberator  
  97  7:11  Supply Depot, Marine  
  100  7:21  SCV  
  100  7:22  Liberator  
  101  7:23  Refinery  
  101  7:24  Barracks  
  101  7:25  SCV x2, Barracks  
  101  7:26  Supply Depot, Refinery, Barracks  
  101  7:27  Supply Depot  
  101  7:29  Marine  
  107  7:35  Marine x3  
  107  7:36  Marine  
  115  7:44  SCV x3  
  115  7:47  Marine  
  115  7:49  Supply Depot  
  115  7:50  Supply Depot, Marine  
  115  7:51  Marine  
  120  7:53  Marine x3  
  120  7:54  Marine  
  120  7:55  Marine x2  
  120  7:58  Terran Infantry Weapons Level 2  
  126  8:04  Marine  
  127  8:08  Marine x2  
  127  8:09  Combat Shields  
  127  8:11  Marine x3  
  127  8:12  Marine  
  132  8:14  Marine x2  
  132  8:18  Factory Reactor  
  133  8:23  Marauder  
  133  8:24  Medivac x2  
  133  8:26  Marine x2  
  130  8:29  Marine x3  
  130  8:30  Marine, SCV x2  
  130  8:32  Marine  
  137  8:34  Marine  
  138  8:44  Marine x3  
  138  8:46  Marine  
  138  8:47  Marine  
  143  8:49  Barracks Tech Lab  
  143  8:50  Barracks Tech Lab x2  
  143  8:53  Marine x3  
  140  9:01  Medivac x2  
  144  9:06  Marine x3  
  141  9:10  Command Center  
  141  9:14  Sensor Tower  
  141  9:16  Marine, Marauder x2  
  146  9:17  Widow Mine  
  146  9:18  Widow Mine  
  150  9:27  Terran Infantry Armor Level 2, Terran Ship Weapons Level 1  
  150  9:31  Marine  
  150  9:32  Supply Depot  
  150  9:33  Marine x2, Starport  
  153  9:40  Medivac x2  
  157  9:47  Marine  
  157  9:48  Marine  
  157  9:49  Marine  
  157  9:50  Marine  
  157  9:51  Marauder  
  157  9:52  Marine x2  
  153  9:53  Marine x2  
  153  9:55  Marine x2  
  153  9:56  Marine  
  151  10:05  Marine  
  151  10:06  Marine  
  150  10:07  Marine  
  150  10:08  Marine  
  150  10:09  Marine x2  
  150  10:11  Marine x2  
  154  10:15  Marine x2  
  154  10:17  Medivac  
  154  10:18  Medivac  
  154  10:20  Marine x2  
  156  10:23  Marine x2  
  156  10:25  Marine  
  156  10:26  Marine  
  159  10:33  Marauder  
  159  10:34  Starport Reactor  
  161  10:36  Marine x3  
  161  10:37  Marine x2  
  161  10:38  Liberator  
  161  10:40  Marine, Terran Infantry Weapons Level 3  
  161  10:41  Marine x2  
  161  10:42  Marine  
  170  10:46  Planetary Fortress  
  170  10:49  Marine  
  169  10:50  Marine  
  169  10:54  Widow Mine x2, Marine  
  179  11:00  Marine x2  
  180  11:17  Supply Depot, Marine  
  180  11:19  Marine  
  180  11:21  Liberator  
  180  11:22  Liberator x2  
  180  11:24  Liberator  
  180  11:25  Marine x2  
  180  11:26  Marine  
  180  11:30  Marine, Marauder  
  180  11:31  Marine  
  180  11:32  Marauder  
  179  11:34  Marine, Marauder  
  179  11:36  Marauder  
  179  11:39  Marine  
  186  11:45  SCV  
  188  11:47  SCV  
  188  11:49  SCV  
  188  11:51  Marine x2, Marauder  
  188  11:53  Marauder  
  176  11:59  Marine  
  172  12:04  Liberator x2  
  172  12:05  Liberator  
  172  12:06  Liberator  
  172  12:07  Marine x2  
  172  12:08  Marauder  
  161  12:09  Marine  
  161  12:10  Marine, Marauder  
  161  12:13  Marine, Marauder  
  161  12:15  Marine  
  155  12:16  Marauder  
  155  12:18  Marine  
  155  12:21  Marine  
  147  12:25  Marine x2  
  149  12:35  Barracks Tech Lab  
  149  12:37  SCV x3  
  149  12:41  Marine  
  149  12:42  Marine, Marauder  
  156  12:44  Widow Mine  
  156  12:47  Widow Mine, Liberator x2  
  156  12:49  Marauder  
  162  12:55  Marine  
  162  12:56  Marauder  
  162  12:57  Marine, Marauder  
  168  13:01  Marine x3  
  168  13:03  Marauder  
  173  13:13  Widow Mine  
  173  13:15  Marine  
  173  13:16  Widow Mine  
  173  13:18  Marine x2  
  179  13:23  Liberator x2  
  179  13:25  Marauder  
  179  13:26  Marine  
  115  13:41  Widow Mine  
  115  13:43  SCV  
  115  13:46  Marauder  
  120  13:55  SCV  
  121  13:59  Marine  
  119  14:07  SCV  
  119  14:08  Marauder  
  122  14:19  SCV  

Tags
 
Add a new tag
Caveats
  • Supply blocks, unpowered buildings, or Contaminate may cause inaccurate times.
  • Supply counts are checked every 10 seconds.